 Dungeon Crawl Stone Soup version 0.26.0-5-gb5863c6483 (webtiles) character file.

Game seed: 11509128055840722555

1842 Froggeryz the Basher (level 9, -4/56 HPs)
             Began as a Gargoyle Wanderer on Jan 10, 2021.
             Was a Priest of Okawaru.
             Killed from afar by a steam dragon (22 damage)
             ... with a ball of steam
             ... on level 7 of the Dungeon.
             The game lasted 00:05:23 (5876 turns).

Froggeryz the Basher (Gargoyle Wanderer)            Turns: 5876, Time: 00:05:23

Health: -4/56      AC: 21    Str: 28    XL:     9   Next: 12%
Magic:  9/9        EV: 11    Int: 16    God:    Okawaru [***...]
Gold:   131        SH:  0    Dex: 11    Spells: 8/8 levels left

rFire    . . .     SeeInvis .   z - +2 flail (venom)
rCold    . . .     Faith    .   (no shield)
rNeg     + . .     Spirit   .   E - +1 plate armour "Sivaduemn" {-Cast Str+4 Int+4 Slay+2} (curse)
rPois    ∞         Reflect  .   y - +0 helmet
rElec    +         Harm     .   C - scarf {repulsion}
rCorr    .         Rampage  .   (no gloves)
Will     .....     NoCast   +   f - +0 pair of boots
Stlth    ..........             (no amulet)
HPRegen  0.18/turn              h - +6 ring of strength
MPRegen  0.11/turn              v - +4 ring of evasion

@: repel missiles
A: negative energy resistance 1, electricity resistance, unbreathing,
petrification resistance, miasma immunity, AC +6
a: Renounce Religion, Heroism


You were on level 7 of the Dungeon.
You worshipped Okawaru.
Okawaru was most pleased with you.
You visited 2 branches of the dungeon, and saw 8 of its levels.

You collected 503 gold pieces.
You spent 372 gold pieces at shops.

Inventory:

Hand Weapons
 z - a +2 flail of venom (weapon)
Missiles
 e - 69 poisoned darts (quivered)
Armour
 f - a +0 pair of boots (worn)
 y - a +0 helmet (worn)
 C - a scarf of repulsion (worn)
 E - the cursed +1 plate armour "Sivaduemn" (worn) {-Cast Str+4 Int+4 Slay+2}
   (You found it on level 6 of the Dungeon)

   It affects your strength (+4).
   It affects your intelligence (+4).
   It affects your accuracy and damage with ranged weapons and melee attacks
   (+2).
   It prevents spellcasting.
   It has a curse placed upon it.
Jewellery
 h - a +6 ring of strength (left hand)
 m - a +6 ring of strength
 v - a +4 ring of evasion (right hand)
Wands
 t - a wand of paralysis (9)
 A - a wand of polymorph (6)
Scrolls
 d - 8 scrolls of identify {unknown}
 g - a scroll of fear {unknown}
 i - 5 scrolls of remove curse {unknown}
 j - a scroll of immolation {unknown}
 k - 2 scrolls of enchant weapon {unknown}
 l - 2 scrolls of random uselessness {unknown}
 o - 4 scrolls of teleportation {unknown}
 p - 2 scrolls of magic mapping {unknown}
 u - a scroll of blinking {unknown}
 x - 2 scrolls of enchant armour {unknown}
 B - 2 scrolls of fog {unknown}
Potions
 a - a potion of ambrosia {unknown}
 b - a potion of heal wounds {unknown}
 c - a potion of lignification
 n - a potion of cancellation {unknown}
 q - 3 potions of brilliance {unknown}
 r - a potion of curing {unknown}
 s - a potion of attraction {unknown}
 w - a potion of flight {unknown}
 D - a potion of might {unknown}


   Skills:
 + Level 6.5 Fighting
 - Level 1.7(6.0) Axes
 * Level 10.0 Maces & Flails
 - Level 4.3 Armour
 - Level 2.1 Stealth


You had 8 spell levels left.
You didn't know any spells.
Your spell library contained the following spells:

 Spells                   Type           Power        Failure   Level
 Animate Skeleton         Necr           0%           96%         1
 Magic Dart               Conj           0%           96%         1
 Pain                     Necr           0%           96%         1
 Blink                    Tloc           N/A          99%         2
 Call Imp                 Summ           0%           99%         2
 Slow                     Hex            0%           99%         2
 Confusing Touch          Hex            0%           100%        3
 Conjure Flame            Conj/Fire      0%           100%        3
 Gell's Gravitas          Tloc           0%           100%        3
 Mephitic Cloud           Conj/Pois/Air  0%           100%        3
 Vampiric Draining        Necr           0%           100%        3
 Animate Dead             Necr           0%           100%        4
 Petrify                  Tmut/Erth      0%           100%        4
 Agony                    Necr           0%           100%        5
 Metabolic Englaciation   Hex/Ice        0%           100%        5
 Yara's Violent Unravell  Hex/Tmut       0%           100%        5


Dungeon Overview and Level Annotations

Branches:
Dungeon (7/15)             Temple (1/1) D:5

Altars:
Makhleb
Okawaru
Trog
Uskayaw
Vehumet
Wu Jian

Shops:
D:4 (   D:6 :*:(


Innate Abilities, Weirdness & Mutations

You are resistant to torment.
Your stone body is resilient. (AC +6)
You are immune to poison.
You resist negative energy. (rN+)
You are resistant to electric shocks. (rElec)
You can survive without breathing.
You are immune to petrification.
You are immune to miasma.


Message History

The steam dragon dies!
The ball of steam hits you.
Your Maces & Flails skill increases to level 10!
You are too injured to fight recklessly!
You are too injured to fight recklessly!
You are too injured to fight recklessly!
You are engulfed in a cloud of scalding steam.
The steam dragon bites you. The steam dragon barely misses you.
You are too injured to fight recklessly!
You are too injured to fight recklessly!
The steam dragon bites you but does no damage.
The steam dragon misses you.
You are too injured to fight recklessly!
You are too injured to fight recklessly!
You are too injured to fight recklessly!
You are too injured to fight recklessly!
You closely miss the steam dragon. The steam dragon breathes steam at you.
The ball of steam hits you!!
You die...

#..........#
#....(.....#
###..........#
##......).....###
#..##............
#.....##......#
####...#....≈.#
#§§..D≈≈.≈P#
#..<#@≈...##
#.†<##.≈.≈#
##...#P...#
##..##..P# .#.#
..≈# . .# ≈.≈.# .
.. .≈#.. .. ###
.####


You could see a steam dragon (catching breath).

Vanquished Creatures
  Edmund (D:6)
  Menkaure (D:5)
  A water moccasin (D:6)
  2 phantoms (D:6)
  A black bear (D:6)
  A centaur (D:7)
  A big kobold (D:7)
  A bullfrog (D:6)
  A water moccasin skeleton (D:5)
  3 howler monkeys
  A bullfrog zombie (D:6)
  A hound (D:7)
  2 jellies
  A centaur zombie (D:5)
  2 orc priests
  2 bullfrog skeletons
  2 iguanas
  4 worker ants
  3 orc wizards
  A killer bee zombie (D:6)
  A hound skeleton (D:5)
  A worker ant zombie (D:7)
  3 gnolls (D:4)
  8 adders
  A shadow imp (D:7)
  A white imp (D:7)
  An ufetubus (D:6)
  2 adder skeletons
  A dart slug (D:1)
  A leopard gecko (D:1)
  18 orcs
  4 bats
  A giant cockroach (D:3)
  6 goblins
  2 hobgoblins
  16 jackals
  2 quokkas
  2 ball pythons (D:2)
  4 frilled lizards
  11 kobolds
  A leopard gecko skeleton (D:4)
  9 rats
128 creatures vanquished.

Vanquished Creatures (others)
  A steam dragon (D:7)
  3 fungi (D:7)
  A plant (D:6)
5 creatures vanquished.

Grand Total: 133 creatures vanquished

Notes
Turn   | Place    | Note
-------+----------+-------------------------------------------
     0 | D:1      | Froggeryz the Gargoyle Wanderer began the quest for the
                  | Orb.
     0 | D:1      | Froggeryz set off with the following items: a +0 hand axe,
                  | a +2 scale mail, a potion of lignification, a +0 dagger
     0 | D:1      | Reached XP level 1. HP: 12/12 MP: 1/1
    53 | D:1      | Reached skill level 1 in Maces & Flails
   232 | D:1      | Reached XP level 2. HP: 17/17 MP: 2/2
   322 | D:1      | Found an iron altar of Okawaru.
   328 | D:1      | Became a worshipper of Warmaster Okawaru
   341 | D:1      | Reached skill level 2 in Maces & Flails
   802 | D:2      | Found a burning altar of Makhleb.
  1054 | D:2      | Reached XP level 3. HP: 16/21 MP: 3/3
  1281 | D:2      | Reached skill level 3 in Maces & Flails
  1556 | D:2      | Reached XP level 4. HP: 25/26 MP: 4/4
  1833 | D:3      | Reached skill level 4 in Maces & Flails
  2571 | D:4      | Found Vobbiamm's Antique Weapon Emporium.
  2738 | D:4      | Reached XP level 5. HP: 21/30 MP: 5/5
  2857 | D:4      | Reached skill level 5 in Maces & Flails
  2864 | D:4      | Reached * piety under Okawaru
  2865 | D:4      | You fall into a shaft and drop 1 floor!
  2865 | D:5      | Entered Level 5 of the Dungeon
  2865 | D:5      | Found a staircase to the Ecumenical Temple.
  2871 | Temple   | Entered the Ecumenical Temple
  3358 | D:4      | Reached XP level 6. HP: 29/35 MP: 6/6
  3719 | D:5      | Reached skill level 6 in Maces & Flails
  3999 | D:5      | Noticed Menkaure
  4008 | D:5      | Killed Menkaure
  4009 | D:5      | Reached XP level 7. HP: 18/41 MP: 7/7
  4300 | D:6      | Found Uzuh's Antique Weapon Shoppe.
  4367 | D:6      | Reached ** piety under Okawaru
  4368 | D:6      | Reached skill level 7 in Maces & Flails
  4481 | D:6      | Noticed Edmund
  4490 | D:6      | Killed Edmund
  4559 | D:6      | Reached skill level 8 in Maces & Flails
  4559 | D:6      | Reached XP level 8. HP: 46/48 MP: 8/8
  4656 | D:6      | Found Gulyz's Book Shop.
  4697 | D:6      | Bought a book of Minor Magic for 280 gold pieces
  4719 | D:6      | Found Lobraczebu's Magic Scroll Shop.
  4962 | D:6      | Reached skill level 5 in Fighting
  4965 | D:6      | Found Zacom's Assorted Antiques.
  4968 | D:6      | Bought a scroll labelled SASTRU DASANUQ for 32 gold pieces
  4968 | D:6      | Bought a scroll labelled TASANO NURAEWI for 32 gold pieces
  4968 | D:6      | Bought a glowing golden potion for 28 gold pieces
  5051 | D:6      | Got a pitted plate armour
  5062 | D:6      | Identified the cursed +1 plate armour "Sivaduemn" {-Cast
                  | Str+4 Int+4 Slay+2} (You found it on level 6 of the
                  | Dungeon)
  5335 | D:6      | Found Puerghene's Book Boutique.
  5340 | D:6      | Reached *** piety under Okawaru
  5434 | D:7      | Reached skill level 9 in Maces & Flails
  5831 | D:7      | Reached XP level 9. HP: 48/55 MP: 9/9
  5851 | D:7      | Noticed Joseph
  5874 | D:7      | Reached skill level 10 in Maces & Flails
  5876 | D:7      | Killed from afar by a steam dragon

Illustrated notes

Levels and vault maps discovered:
D:1:      saegor_arrival_simple_c, layout_rooms, minmay_fountain_box,
          okawaru_ov_weapons_minmay
D:2:      layout_rooms, nicolae_overflow_hidden_temple
D:3:      layout_loops_corners
D:4:      layout_loops_ring, serial_shops, nicolae_shop_statue_plus
D:5:      layout_loops_cross, minmay_temple_entry_stoned_glass,
          minmay_misc_feat_columns, hangedman_abyss_or_decor_stabs,
          item_on_display_a, uniq_menkaure
D:6:      layout_loops_ring, serial_shops, nicolae_shop_overgrown_old_shop,
          nicolae_shop_stone, kennysheep_mini_moat, shop, kennysheep_little_box,
          uniq_edmund
D:7:      kennysheep_steamy, layout_rooms, uniq_crazy_yiuf_cottage, uniq_joseph
Temple:   hc_temple_tempest_star

Skill      XL: |  1  2  3  4  5  6  7  8  9 |
---------------+----------------------------+-----
Maces & Flails | 1 2 3 4 5 6 8 9 10 | 10.0
Fighting       | 3 4 6 |  6.5
Axes           | |  1.7
Armour         | |  4.3
Stealth        | |  2.1

Action                   |  1- 3 |  4- 6 |  7- 9 || total
-------------------------+-------+-------+-------++-------
Melee: Hand axe          |    28 |       |       ||    28
       Mace              |    71 |       |       ||    71
       Flail             |    26 |   150 |   199 ||   375
Evoke: Wand              |       |       |     1 ||     1
 Stab: Paralysed         |       |       |     5 ||     5
Armor: Scale mail        |   121 |    75 |    47 ||   243
       Plate armour      |       |       |    57 ||    57
Dodge: Dodged            |    92 |    77 |   137 ||   306
       Repelled          |       |       |     3 ||     3
